 Dungeon Crawl Stone Soup version 0.27.1-1-g398f81649c (webtiles) character file.

Game seed: 16301583662612514357

408 speeev33 the Chopper (level 6, -11/56 HPs)
             Began as a Hill Orc Fighter on Sept 10, 2021.
             Killed from afar by Dowan (15 damage)
             ... with a stone arrow
             ... on level 4 of the Dungeon.
             The game lasted 00:04:59 (3618 turns).

speeev33 the Chopper (Hill Orc Fighter)             Turns: 3618, Time: 00:05:00

Health: -11/56     AC:  0    Str: 21    XL:     6   Next: 88%
Magic:  6/6        EV: 18    Int:  8    God:
Gold:   131        SH:  0    Dex: 15    Spells: 5/5 levels left

rFire    . . .     SeeInvis .   (weapon currently unavailable)
rCold    . . .     Faith    .   (shield currently unavailable)
rNeg     . . .     Spirit   .   (armour currently unavailable)
rPois    .         Reflect  .   (helmet currently unavailable)
rElec    .         Harm     .   (cloak currently unavailable)
rCorr    .         Rampage  .   (gloves currently unavailable)
Will     .....                  (boots currently unavailable)
Stlth    +.........             (no amulet)
HPRegen  0.18/turn              (ring currently unavailable)
MPRegen  0.10/turn              (ring currently unavailable)

@: bat-form, flying, studying Axes, very quick
A: fast, flying, no casting, tiny
a: no special abilities


You were on level 4 of the Dungeon.
You were a bat.
You visited 1 branch of the dungeon, and saw 4 of its levels.

You collected 131 gold pieces.

Inventory:

Hand Weapons
 a - a +0 war axe (melded)
Armour
 b - a +0 scale mail (melded)
 c - a +0 kite shield (melded)
 f - a +0 cloak (melded)
Jewellery
 g - a +6 ring of intelligence
Wands
 i - a wand of polymorph (10)
Potions
 e - a potion of mutation
 h - a potion of curing {unknown}
 j - a potion of haste {unknown}


   Skills:
 + Level 5.3 Fighting
 + Level 6.3 Axes
 + Level 4.6 Armour
 - Level 0.6 Dodging
 - Level 0.2 Stealth
 + Level 4.9 Shields


You had 5 spell levels left.
You didn't know any spells.
Your spell library contained the following spells:

 Spells                   Type           Power      Damage    Failure   Level
 Sandblast                Erth           0%         2d4       41%         1
 Passwall                 Tmut/Erth      0%         N/A       54%         2
 Simulacrum               Ice/Necr       0%         N/A       100%        6


Dungeon Overview and Level Annotations

Branches:
Dungeon (4/15)
 Temple: D:4-7

Altars:
Uskayaw

Shops:
D:3 (

Annotations:
D:4 Dowan


Message History

You closely miss the adder skeleton. The adder skeleton bites you.
You hear some strange, mumbled words.
A puff of flame appears from out of thin air!
The puff of flame hits you! You block Duvessa's attack.
The adder skeleton bites you.
You hear some strange, mumbled words.
A puff of flame appears from out of thin air!
The puff of flame hits you. Duvessa barely misses you.
You hit Duvessa.
Duvessa is almost dead.
You hit something. You slash the adder skeleton!
You destroy the adder skeleton!
Duvessa barely misses you. Something hits you but does no damage.
Duvessa hits you with a +0 rapier!
* * * LOW HITPOINT WARNING * * *
You slash Duvessa!
You kill Duvessa!
Something screams, "No!
No!
NO!"
You barely miss something.
Something hits you but does no damage. x2
Your Axes skill increases to level 6!
You slash something!
You feel a little less mighty now.
You hear some strange, mumbled words.
A stone arrow appears from out of thin air!
The stone arrow hits you!
* * * LOW HITPOINT WARNING * * *
Something hits you.
* * * LOW HITPOINT WARNING * * *
You remove your +6 ring of intelligence.
You feel stupid.
You hear a zap.
You turn into a bat.
Your +0 war axe melds into your body.
Your +0 cloak melds into your body.
Your +0 kite shield melds into your body.
Your +0 scale mail melds into your body.
An adder comes into view.
You hear some strange, mumbled words.
A stone arrow appears from out of thin air!
The stone arrow hits you!
You die...

### ## #.. .##
###.# e. . ...#
.# ..
#########.###.#
.#.
..........<...#
....
###.#######..##
.... #.#
##...#####..#
#.#
#....{.b....#
#.#
#.#..##)###$.#
#.# ##..##.##
.# ###.# ##.#.#
# .##.# #..#
..#.# ... ..#.#
.#. .)#.# #
....#


There were no monsters in sight!

Vanquished Creatures
  Duvessa (D:4)
  An ogre (D:4)
  Natasha (thrice) (D:2)
  6 adders
  A river rat (D:3)
  An adder skeleton (D:4)
  3 worms
  A dart slug (D:2)
  An orc (D:3)
  9 bats
  5 endoplasms
  6 giant cockroaches
  9 goblins
  9 hobgoblins
  3 quokkas
  4 ball pythons
  6 frilled lizards
  4 kobolds
  4 rats
77 creatures vanquished.

Vanquished Creatures (others)
  A fungus (D:3)
  2 plants (D:3)
3 creatures vanquished.

Grand Total: 80 creatures vanquished

Notes
Turn   | Place    | Note
-------+----------+-------------------------------------------
     0 | D:1      | speeev33 the Hill Orc Fighter began the quest for the Orb.
     0 | D:1      | Reached XP level 1. HP: 19/19 MP: 1/1
   300 | D:1      | Reached XP level 2. HP: 27/27 MP: 2/2
   322 | D:1      | Reached skill level 3 in Axes
   424 | D:1      | Got Kaud's Catalogue of Dusty Ice
  1055 | D:2      | Found a hide-covered altar of Uskayaw.
  1076 | D:2      | Reached XP level 3. HP: 32/33 MP: 3/3
  1421 | D:2      | Noticed Natasha
  1434 | D:2      | Killed Natasha
  1435 | D:2      | Reached XP level 4. HP: 19/40 MP: 4/4
  1502 | D:2      | Reached skill level 4 in Axes
  1528 | D:2      | Noticed Natasha
  1538 | D:2      | Killed Natasha
  1647 | D:2      | Noticed Natasha
  1657 | D:2      | Killed Natasha
  1658 | D:2      | Reached XP level 5. HP: 41/47 MP: 5/5
  1894 | D:2      | Identified a scroll of acquirement
  1894 | D:2      | Acquired a manual of Axes
  2354 | D:3      | Reached skill level 5 in Axes
  2614 | D:3      | Found Oru Joub's Antique Weapon Shoppe.
  3491 | D:3      | Found a faded altar of an unknown god.
  3571 | D:4      | Noticed an ogre
  3578 | D:4      | Killed an ogre
  3579 | D:4      | Reached skill level 5 in Fighting
  3579 | D:4      | Reached XP level 6. HP: 54/56 MP: 6/6
  3599 | D:4      | Noticed Dowan
  3600 | D:4      | Noticed Duvessa
  3614 | D:4      | Killed Duvessa
  3615 | D:4      | Reached skill level 6 in Axes
  3618 | D:4      | Killed from afar by Dowan

Illustrated notes

Levels and vault maps discovered:
D:1:      dpeg_arrival_orchard, layout_loops_ring, grunt_decor_clamped,
          serial_park_tiny_pond
D:2:      minmay_alternating_diamond, layout_rooms, basic_altar, uniq_natasha
D:3:      layout_loops_corners, serial_shops, nicolae_shop_waterfront,
          shapermc_ecumenical_altar_petra, minmay_quantized
D:4:      layout_loops_ring, mainiacjoe_overflow_alcove_4, uniq_duvessa

Skill      XL: |  1  2  3  4  5  6 |
---------------+-------------------+-----
Axes           | 3 4 5 6 |  6.3
Fighting       | 4 5 |  5.3
Shields        | 4 |  4.9
Armour         | 4 |  4.6
Dodging        | |  0.6
Stealth        | |  0.2

Action                   |  1- 3 |  4- 6 || total
-------------------------+-------+-------++-------
Melee: War axe           |   112 |   137 ||   249
Evoke: Wand              |       |     1 ||     1
  Use: Scroll            |     2 |     3 ||     5
       Potion            |       |     1 ||     1
Armor: Scale mail        |    54 |    62 ||   116
Dodge: Dodged            |    45 |    43 ||    88
Block: Kite shield       |    87 |    75 ||   162
